General information
- name: BNet
- type: Ladder team game (AT/RT)
- host: Battle.net
- saver: welcome2
map: UpperKingdom
- players: 6
- length: 38:35
- speed: Fast
- version: 1.27 W3XP
- replay type:

» download(307 KB)
Players
team 1 (winner)
lovetoosearch (
teal | 123 APM | 4725 actions | 38:34)
5 Archmage
3 Blizzard
2 Brilliance Aura
3 Mountain King
2 Storm Bolt
1 Bash
2 Paladin
1 Holy Light
1 Divine Shield
» actions
| Assign group hotkey | 18 | |
| Basic commands | 126 | |
| Build / train | 220 | |
| ESC pressed | 6 | |
| Enter build submenu | 205 | |
| Enter hero's abilities submenu | 11 | |
| Give item / drop item | 8 | |
| Right click | 1891 | |
| Select / deselect | 632 | |
| Select group hotkey | 984 | |
| Use ability | 623 | |
4725 total
» units
» upgrades
» buildings
| Farm | 7 | |
| Altar of Kings | 2 | |
| Lumber Mill | 2 | |
| Scout Tower | 347 | |
| Arcane Tower | 18 | |
| Guard Tower | 112 | |
| Keep | 3 | |
| Arcane Sanctum | 1 | |
| Town Hall | 2 | |
| Castle | 2 | |
| Arcane Vault | 3 | |
499 total
» build order
00:06 Farm
00:07 Altar of Kings
00:09 Lumber Mill
00:43 Scout Tower
00:50 Scout Tower
00:55 Scout Tower
01:12 Arcane Tower
01:15 Scout Tower
01:24 Arcane Tower
01:25 Scout Tower
01:29 Scout Tower
01:30 Arcane Tower
01:30 Arcane Tower
01:31 Arcane Tower
01:51 Guard Tower
01:51 Guard Tower
01:58 Farm
02:04 Guard Tower
02:04 Guard Tower
02:05 Guard Tower
02:16 Arcane Tower
02:21 Scout Tower
02:50 Guard Tower
03:08 Scout Tower
03:09 Scout Tower
03:27 Scout Tower
03:28 Scout Tower
03:55 Scout Tower
03:56 Scout Tower
03:56 Scout Tower
04:00 Guard Tower
04:05 Scout Tower
04:06 Scout Tower
04:06 Scout Tower
04:08 Guard Tower
04:10 Scout Tower
04:10 Scout Tower
04:12 Scout Tower
04:17 Keep
04:24 Guard Tower
04:24 Scout Tower
04:25 Scout Tower
04:33 Guard Tower
04:33 Guard Tower
05:13 Arcane Tower
05:14 Guard Tower
05:18 Guard Tower
05:19 Scout Tower
05:20 Scout Tower
05:20 Scout Tower
05:22 Scout Tower
05:23 Scout Tower
05:23 Scout Tower
05:27 Guard Tower
05:28 Scout Tower
05:31 Arcane Tower
05:32 Scout Tower
05:33 Scout Tower
05:51 Guard Tower
06:07 Scout Tower
06:14 Guard Tower
06:15 Scout Tower
06:16 Scout Tower
06:17 Scout Tower
06:22 Guard Tower
06:23 Scout Tower
06:24 Scout Tower
06:54 Guard Tower
06:56 Arcane Sanctum
07:05 Scout Tower
07:05 Scout Tower
07:06 Scout Tower
07:06 Scout Tower
07:07 Scout Tower
07:08 Scout Tower
07:08 Scout Tower
07:09 Scout Tower
07:11 Scout Tower
07:12 Scout Tower
07:12 Scout Tower
07:13 Scout Tower
07:14 Scout Tower
07:15 Scout Tower
07:16 Scout Tower
07:17 Scout Tower
07:17 Scout Tower
07:18 Scout Tower
07:18 Scout Tower
07:19 Scout Tower
07:20 Scout Tower
07:20 Scout Tower
07:21 Scout Tower
07:22 Scout Tower
07:27 Guard Tower
07:29 Scout Tower
07:56 Guard Tower
08:04 Guard Tower
08:13 Guard Tower
08:30 Scout Tower
08:31 Scout Tower
08:31 Scout Tower
08:32 Scout Tower
08:32 Scout Tower
08:34 Scout Tower
08:35 Scout Tower
08:36 Scout Tower
08:36 Scout Tower
08:37 Scout Tower
08:40 Scout Tower
08:40 Scout Tower
08:41 Scout Tower
08:41 Scout Tower
08:46 Guard Tower
08:50 Scout Tower
08:50 Scout Tower
08:51 Scout Tower
08:51 Scout Tower
09:08 Guard Tower
09:11 Guard Tower
09:11 Guard Tower
09:16 Guard Tower
09:17 Guard Tower
09:19 Scout Tower
09:20 Scout Tower
09:37 Scout Tower
09:38 Scout Tower
09:39 Guard Tower
09:50 Scout Tower
09:50 Scout Tower
10:04 Guard Tower
10:11 Guard Tower
10:13 Arcane Tower
10:34 Scout Tower
10:36 Scout Tower
10:37 Scout Tower
10:40 Scout Tower
10:41 Scout Tower
10:42 Guard Tower
10:45 Scout Tower
10:45 Scout Tower
10:47 Guard Tower
10:56 Altar of Kings
10:58 Scout Tower
10:58 Scout Tower
11:06 Guard Tower
11:07 Scout Tower
11:08 Scout Tower
11:31 Guard Tower
11:32 Guard Tower
11:46 Scout Tower
11:47 Scout Tower
11:47 Scout Tower
11:48 Scout Tower
11:50 Guard Tower
11:52 Scout Tower
11:52 Scout Tower
11:53 Scout Tower
11:55 Guard Tower
11:58 Scout Tower
11:59 Scout Tower
12:16 Guard Tower
12:17 Guard Tower
12:24 Guard Tower
12:38 Farm
12:41 Scout Tower
12:42 Scout Tower
12:45 Guard Tower
12:48 Lumber Mill
12:52 Scout Tower
12:53 Scout Tower
13:05 Arcane Tower
13:06 Scout Tower
13:07 Scout Tower
13:13 Arcane Tower
13:15 Scout Tower
13:16 Scout Tower
13:31 Scout Tower
13:31 Scout Tower
13:32 Scout Tower
13:33 Arcane Tower
13:36 Scout Tower
13:40 Scout Tower
13:41 Scout Tower
13:46 Guard Tower
13:52 Scout Tower
13:53 Scout Tower
13:53 Scout Tower
13:54 Scout Tower
14:05 Guard Tower
14:38 Guard Tower
14:59 Guard Tower
15:03 Guard Tower
15:04 Scout Tower
15:05 Scout Tower
15:05 Scout Tower
15:05 Scout Tower
15:08 Scout Tower
15:08 Scout Tower
15:25 Town Hall
15:46 Guard Tower
15:47 Guard Tower
15:47 Guard Tower
16:03 Arcane Tower
16:20 Scout Tower
16:20 Scout Tower
16:21 Scout Tower
16:21 Scout Tower
16:23 Scout Tower
16:26 Scout Tower
16:27 Scout Tower
16:30 Guard Tower
17:10 Arcane Tower
17:11 Guard Tower
17:22 Guard Tower
17:35 Guard Tower
17:58 Guard Tower
17:58 Guard Tower
18:03 Scout Tower
18:04 Scout Tower
18:05 Scout Tower
18:05 Scout Tower
18:06 Scout Tower
18:07 Scout Tower
18:07 Guard Tower
18:25 Guard Tower
18:32 Scout Tower
18:33 Scout Tower
18:34 Scout Tower
18:34 Scout Tower
18:35 Scout Tower
18:35 Scout Tower
18:40 Guard Tower
19:02 Keep
19:10 Guard Tower
19:12 Scout Tower
19:12 Scout Tower
19:13 Scout Tower
19:14 Scout Tower
19:20 Guard Tower
19:20 Guard Tower
19:20 Guard Tower
19:30 Guard Tower
19:42 Scout Tower
19:43 Scout Tower
19:43 Scout Tower
19:45 Scout Tower
19:47 Scout Tower
19:47 Scout Tower
19:48 Scout Tower
19:49 Scout Tower
19:50 Scout Tower
19:52 Scout Tower
19:53 Scout Tower
19:55 Scout Tower
19:56 Scout Tower
20:01 Guard Tower
20:03 Scout Tower
20:04 Scout Tower
20:04 Scout Tower
20:05 Scout Tower
20:06 Scout Tower
20:06 Scout Tower
21:15 Guard Tower
21:18 Scout Tower
21:18 Scout Tower
21:19 Scout Tower
21:19 Scout Tower
21:21 Guard Tower
21:22 Scout Tower
21:23 Scout Tower
21:23 Scout Tower
21:24 Scout Tower
21:26 Guard Tower
21:31 Scout Tower
21:31 Scout Tower
21:32 Scout Tower
21:32 Scout Tower
21:32 Scout Tower
21:33 Scout Tower
21:53 Guard Tower
21:53 Guard Tower
22:14 Guard Tower
22:21 Castle
22:27 Guard Tower
22:35 Scout Tower
22:36 Scout Tower
22:36 Scout Tower
22:37 Scout Tower
22:37 Scout Tower
22:38 Scout Tower
22:39 Scout Tower
22:40 Scout Tower
22:40 Scout Tower
22:41 Scout Tower
22:48 Guard Tower
22:53 Scout Tower
22:54 Scout Tower
22:55 Scout Tower
22:55 Scout Tower
22:56 Scout Tower
22:56 Scout Tower
24:07 Guard Tower
24:20 Guard Tower
24:22 Guard Tower
25:10 Guard Tower
25:12 Guard Tower
25:14 Scout Tower
25:15 Scout Tower
25:16 Scout Tower
25:16 Scout Tower
25:17 Scout Tower
25:17 Scout Tower
25:17 Scout Tower
25:18 Scout Tower
25:32 Arcane Vault
25:36 Arcane Vault
25:39 Arcane Vault
25:43 Farm
25:44 Farm
25:44 Farm
26:01 Guard Tower
26:05 Scout Tower
26:06 Scout Tower
26:07 Scout Tower
26:07 Scout Tower
26:31 Scout Tower
26:31 Scout Tower
26:32 Scout Tower
26:34 Guard Tower
26:44 Guard Tower
27:01 Scout Tower
27:02 Scout Tower
27:02 Scout Tower
27:03 Scout Tower
27:04 Scout Tower
27:04 Scout Tower
27:05 Guard Tower
27:33 Guard Tower
27:39 Farm
27:42 Guard Tower
27:57 Scout Tower
27:58 Scout Tower
27:58 Scout Tower
27:59 Scout Tower
28:00 Scout Tower
28:00 Scout Tower
28:01 Scout Tower
28:02 Scout Tower
28:02 Scout Tower
28:03 Scout Tower
28:03 Scout Tower
28:04 Scout Tower
28:06 Scout Tower
28:06 Scout Tower
28:07 Scout Tower
28:10 Guard Tower
28:35 Arcane Tower
28:38 Scout Tower
28:39 Scout Tower
28:40 Scout Tower
28:48 Guard Tower
28:53 Scout Tower
28:54 Scout Tower
28:55 Scout Tower
28:55 Scout Tower
29:02 Scout Tower
29:03 Scout Tower
29:03 Scout Tower
29:04 Scout Tower
29:04 Scout Tower
29:04 Scout Tower
29:05 Scout Tower
29:06 Scout Tower
29:07 Scout Tower
29:08 Scout Tower
29:08 Scout Tower
29:59 Guard Tower
30:02 Guard Tower
30:06 Scout Tower
30:07 Scout Tower
30:07 Scout Tower
30:08 Scout Tower
30:08 Scout Tower
30:09 Scout Tower
30:10 Guard Tower
30:13 Scout Tower
30:14 Scout Tower
30:14 Scout Tower
30:15 Scout Tower
30:18 Scout Tower
30:18 Scout Tower
30:19 Scout Tower
30:19 Scout Tower
30:20 Scout Tower
30:21 Scout Tower
30:22 Scout Tower
30:22 Scout Tower
30:23 Scout Tower
30:23 Scout Tower
30:24 Scout Tower
30:29 Scout Tower
30:30 Scout Tower
30:30 Scout Tower
30:32 Scout Tower
30:33 Scout Tower
30:34 Scout Tower
30:35 Scout Tower
30:37 Guard Tower
30:43 Scout Tower
30:43 Scout Tower
30:44 Scout Tower
30:47 Guard Tower
31:01 Guard Tower
31:09 Guard Tower
31:11 Arcane Tower
31:14 Arcane Tower
31:39 Scout Tower
31:40 Scout Tower
31:41 Scout Tower
31:41 Scout Tower
31:41 Scout Tower
31:42 Scout Tower
31:46 Guard Tower
32:00 Guard Tower
32:02 Guard Tower
32:13 Scout Tower
32:17 Scout Tower
32:17 Scout Tower
32:17 Scout Tower
32:20 Scout Tower
32:21 Scout Tower
32:21 Scout Tower
32:23 Guard Tower
32:35 Scout Tower
32:47 Guard Tower
32:49 Guard Tower
33:34 Guard Tower
33:37 Scout Tower
33:38 Scout Tower
33:39 Scout Tower
33:40 Scout Tower
33:40 Scout Tower
33:40 Scout Tower
33:41 Scout Tower
33:41 Scout Tower
33:45 Guard Tower
33:50 Scout Tower
33:51 Scout Tower
33:52 Scout Tower
33:53 Scout Tower
33:54 Scout Tower
33:58 Scout Tower
33:59 Scout Tower
34:00 Scout Tower
34:01 Scout Tower
34:55 Scout Tower
34:55 Scout Tower
34:56 Scout Tower
34:57 Scout Tower
34:57 Scout Tower
34:57 Scout Tower
36:05 Guard Tower
36:11 Guard Tower
36:15 Scout Tower
36:16 Scout Tower
36:17 Scout Tower
36:17 Scout Tower
36:18 Scout Tower
36:18 Scout Tower
36:19 Scout Tower
36:19 Scout Tower
36:48 Scout Tower
36:48 Scout Tower
36:49 Scout Tower
36:50 Scout Tower
36:51 Scout Tower
36:52 Scout Tower
36:52 Scout Tower
37:15 Guard Tower
37:26 Town Hall
37:28 Guard Tower
37:52 Guard Tower
37:54 Scout Tower
37:54 Scout Tower
37:55 Scout Tower
37:55 Scout Tower
37:56 Scout Tower
37:57 Scout Tower
37:57 Scout Tower
37:58 Scout Tower
» items
| Healing Salve | 3 | |
| Lesser Clarity Potion | 2 | |
| Orb of Lightning | 7 | |
| Potion of Healing | 1 | |
| Staff of Sanctuary | 3 | |
| Scroll of Regeneration | 1 | |
17 total
mata_the_katt (
yellow | 100 APM | 3864 actions | 38:34)
6 Blademaster
3 Wind Walk
2 Critical Strike
1 Bladestorm
» actions
| Assign group hotkey | 139 | |
| Basic commands | 23 | |
| Build / train | 97 | |
| ESC pressed | 1 | |
| Enter build submenu | 164 | |
| Enter hero's abilities submenu | 6 | |
| Give item / drop item | 1 | |
| Remove unit from queue | 8 | |
| Right click | 2249 | |
| Select / deselect | 672 | |
| Select group hotkey | 237 | |
| Use ability | 265 | |
3864 total
» units
» upgrades
| Pillage | 1 | |
| Reinforced Defenses | 1 | |
| Spiked Barricades | 2 | |
| Liquid Fire | 1 | |
5 total
» buildings
| Altar of Storms | 1 | |
| Orc Burrow | 4 | |
| War Mill | 1 | |
| Watch Tower | 113 | |
| Voodoo Lounge | 5 | |
| Stronghold | 1 | |
| Fortress | 2 | |
| Beastiary | 1 | |
| Great Hall | 1 | |
129 total
» build order
00:04 Altar of Storms
00:20 Orc Burrow
01:08 War Mill
01:36 Orc Burrow
02:35 Watch Tower
03:01 Watch Tower
03:38 Watch Tower
03:57 Watch Tower
04:04 Voodoo Lounge
04:09 Voodoo Lounge
04:28 Watch Tower
04:59 Watch Tower
05:09 Watch Tower
05:42 Watch Tower
06:53 Watch Tower
06:54 Watch Tower
06:56 Watch Tower
07:17 Stronghold
08:15 Watch Tower
08:16 Watch Tower
08:17 Watch Tower
09:32 Watch Tower
09:33 Watch Tower
09:37 Watch Tower
09:38 Watch Tower
09:41 Fortress
11:06 Watch Tower
11:10 Watch Tower
11:15 Watch Tower
12:32 Watch Tower
12:33 Watch Tower
12:51 Watch Tower
12:59 Beastiary
13:03 Great Hall
13:07 Watch Tower
13:45 Watch Tower
15:06 Watch Tower
16:18 Watch Tower
16:54 Voodoo Lounge
18:02 Watch Tower
18:14 Orc Burrow
18:27 Watch Tower
18:28 Watch Tower
18:37 Orc Burrow
18:43 Watch Tower
19:52 Watch Tower
19:53 Watch Tower
20:06 Watch Tower
21:18 Watch Tower
21:18 Watch Tower
21:23 Watch Tower
21:23 Watch Tower
21:31 Watch Tower
21:48 Watch Tower
21:49 Watch Tower
22:19 Watch Tower
22:31 Watch Tower
23:57 Watch Tower
24:06 Watch Tower
24:06 Watch Tower
24:07 Watch Tower
24:56 Watch Tower
24:58 Watch Tower
25:32 Watch Tower
25:33 Watch Tower
25:46 Watch Tower
25:49 Watch Tower
25:49 Watch Tower
25:58 Voodoo Lounge
26:10 Watch Tower
27:13 Watch Tower
27:15 Watch Tower
27:33 Watch Tower
27:36 Watch Tower
27:42 Watch Tower
27:43 Watch Tower
27:56 Watch Tower
28:01 Watch Tower
28:01 Watch Tower
28:24 Watch Tower
28:24 Watch Tower
28:34 Watch Tower
29:03 Watch Tower
29:03 Watch Tower
29:04 Watch Tower
29:04 Watch Tower
29:13 Watch Tower
29:26 Watch Tower
30:18 Watch Tower
30:18 Watch Tower
30:47 Voodoo Lounge
30:53 Watch Tower
30:56 Watch Tower
32:02 Watch Tower
32:03 Watch Tower
32:04 Watch Tower
32:06 Watch Tower
32:30 Watch Tower
32:31 Watch Tower
32:50 Watch Tower
32:54 Watch Tower
33:05 Watch Tower
33:09 Watch Tower
33:12 Watch Tower
33:41 Watch Tower
34:07 Watch Tower
34:08 Watch Tower
34:09 Watch Tower
34:10 Watch Tower
34:35 Watch Tower
35:48 Watch Tower
35:48 Watch Tower
35:49 Watch Tower
36:11 Watch Tower
36:39 Watch Tower
36:39 Watch Tower
36:42 Watch Tower
36:43 Watch Tower
37:02 Watch Tower
37:11 Watch Tower
37:11 Watch Tower
37:12 Watch Tower
37:13 Watch Tower
37:13 Watch Tower
37:22 Watch Tower
37:58 Watch Tower
37:58 Watch Tower
37:59 Watch Tower
» items
| Healing Salve | 5 | |
| Lesser Clarity Potion | 7 | |
| Potion of Healing | 2 | |
| Orb of Lightning | 1 | |
| Scroll of Town Portal | 1 | |
16 total
welcome2 (
blue | 110 APM | 4248 actions | 38:35)
5 Warden
3 Shadow Strike
2 Blink
» actions
| Assign group hotkey | 11 | |
| Basic commands | 11 | |
| Build / train | 108 | |
| Enter build submenu | 16 | |
| Enter hero's abilities submenu | 5 | |
| Remove unit from queue | 5 | |
| Right click | 3321 | |
| Select / deselect | 447 | |
| Select group hotkey | 62 | |
| Use ability | 262 | |
4248 total
» units
» upgrades
| Ultravision | 1 | |
| Strength of the Wild | 3 | |
| Well Spring | 1 | |
| Corrosive Breath | 1 | |
| Reinforced Hides | 1 | |
7 total
» buildings
| Altar of Elders | 1 | |
| Moon Well | 2 | |
| Tree of Life | 4 | |
| Tree of Ages | 3 | |
| Tree of Eternity | 2 | |
| Ancient of Wind | 2 | |
| Hunter's Hall | 1 | |
| Chimaera Roost | 1 | |
16 total
» build order
00:07 Altar of Elders
00:20 Moon Well
02:09 Moon Well
16:21 Tree of Life
20:45 Tree of Ages
20:45 Tree of Ages
20:45 Tree of Ages
21:43 Tree of Life
22:58 Tree of Life
24:27 Tree of Eternity
24:50 Ancient of Wind
24:51 Ancient of Wind
26:57 Hunter's Hall
27:08 Tree of Life
33:05 Chimaera Roost
» items
| Healing Salve | 5 | |
| Lesser Clarity Potion | 11 | |
| Orb of Lightning | 1 | |
17 total
team 2 (loser)
brom8989 (
orange | 109 APM | 4197 actions | 38:33)
6 Mountain King
3 Storm Bolt
2 Bash
1 Avatar
4 Paladin
2 Holy Light
1 Divine Shield
1 Devotion Aura
» actions
| Assign group hotkey | 284 | |
| Basic commands | 24 | |
| Build / train | 111 | |
| ESC pressed | 1 | |
| Enter build submenu | 29 | |
| Enter hero's abilities submenu | 10 | |
| Give item / drop item | 5 | |
| Right click | 2097 | |
| Select / deselect | 454 | |
| Select group hotkey | 1033 | |
| Use ability | 149 | |
4197 total
» units
| Peasant | 19 | |
| Footman | 9 | |
| Rifleman | 5 | |
| Knight | 14 | |
| Siege Engine | 7 | |
54 total
» upgrades
| Defend | 1 | |
| Long Rifles | 1 | |
| Animal War Training | 1 | |
| Plating | 1 | |
| Swords | 1 | |
| Gunpowder | 2 | |
| Armor | 1 | |
| Barrage | 1 | |
9 total
» buildings
| Altar of Kings | 1 | |
| Barracks | 2 | |
| Farm | 13 | |
| Arcane Vault | 2 | |
| Scout Tower | 1 | |
| Arcane Tower | 1 | |
| Keep | 2 | |
| Blacksmith | 1 | |
| Lumber Mill | 1 | |
| Castle | 1 | |
| Gryphon Aviary | 1 | |
| Town Hall | 2 | |
| Workshop | 2 | |
30 total
» build order
00:10 Altar of Kings
00:23 Barracks
00:38 Farm
00:54 Farm
01:56 Arcane Vault
02:38 Scout Tower
03:10 Arcane Tower
03:58 Farm
04:15 Farm
04:46 Keep
04:46 Keep
07:17 Blacksmith
08:35 Lumber Mill
09:41 Castle
09:44 Barracks
10:32 Farm
10:34 Farm
13:30 Gryphon Aviary
13:33 Farm
13:56 Farm
16:49 Farm
16:52 Farm
16:58 Town Hall
22:33 Farm
22:36 Farm
25:19 Workshop
25:25 Workshop
26:25 Farm
28:13 Town Hall
35:58 Arcane Vault
» items
| Dust of Appearance | 1 | |
| Scroll of Regeneration | 8 | |
| Lesser Clarity Potion | 5 | |
| Potion of Healing | 7 | |
| Potion of Mana | 4 | |
| Orb of Fire | 1 | |
| Scroll of Town Portal | 1 | |
27 total
labuten (
purple | 66 APM | 1554 actions | 23:38)
6 Blademaster
2 Wind Walk
3 Critical Strike
1 Bladestorm
1 Tauren Chieftain
1 Endurance Aura
» actions
| Assign group hotkey | 20 | |
| Basic commands | 36 | |
| Build / train | 67 | |
| ESC pressed | 3 | |
| Enter build submenu | 19 | |
| Enter hero's abilities submenu | 7 | |
| Give item / drop item | 5 | |
| Right click | 925 | |
| Select / deselect | 261 | |
| Select group hotkey | 151 | |
| Use ability | 60 | |
1554 total
» units
| Peon | 12 | |
| Grunt | 6 | |
| Raider | 8 | |
| Tauren | 5 | |
| Spirit Walker | 3 | |
34 total
» upgrades
| Berserker Strength | 1 | |
| Ranged Weapons | 1 | |
| Ensnare | 1 | |
| Pulverize | 1 | |
| Spirit Walker Training | 2 | |
| Melee Weapons | 1 | |
| Armor | 1 | |
8 total
» buildings
| Altar of Storms | 1 | |
| Orc Burrow | 5 | |
| Barracks | 1 | |
| Voodoo Lounge | 1 | |
| Stronghold | 1 | |
| War Mill | 1 | |
| Fortress | 1 | |
| Beastiary | 1 | |
| Watch Tower | 7 | |
| Tauren Totem | 1 | |
| Spirit Lodge | 1 | |
| Great Hall | 2 | |
23 total
» build order
00:12 Altar of Storms
00:26 Orc Burrow
00:39 Barracks
01:37 Orc Burrow
01:59 Voodoo Lounge
03:55 Stronghold
03:59 War Mill
04:19 Orc Burrow
06:51 Fortress
06:58 Beastiary
07:25 Watch Tower
08:13 Watch Tower
08:19 Watch Tower
13:22 Tauren Totem
13:27 Orc Burrow
17:07 Spirit Lodge
17:43 Great Hall
18:12 Great Hall
18:46 Watch Tower
18:47 Watch Tower
18:49 Watch Tower
18:50 Watch Tower
20:56 Orc Burrow
» items
| Healing Salve | 3 | |
| Lesser Clarity Potion | 2 | |
| Scroll of Town Portal | 1 | |
| Orb of Lightning | 1 | |
7 total
welcome1 (
red | 94 APM | 3637 actions | 38:30)
5 Death Knight
3 Death Coil
2 Unholy Aura
4 Lich
2 Frost Nova
2 Dark Ritual
» actions
| Assign group hotkey | 93 | |
| Basic commands | 546 | |
| Build / train | 113 | |
| ESC pressed | 3 | |
| Enter build submenu | 64 | |
| Enter hero's abilities submenu | 9 | |
| Give item / drop item | 2 | |
| Remove unit from queue | 1 | |
| Right click | 1596 | |
| Select / deselect | 526 | |
| Select group hotkey | 516 | |
| Use ability | 168 | |
3637 total
» units
| Acolyte | 9 | |
| Ghoul | 8 | |
| Crypt Fiend | 13 | |
| Obsidian Statue | 3 | |
| Gargoyle | 3 | |
| Tauren | 5 | |
| Spirit Walker | 5 | |
| Peon | 6 | |
| Frost Wyrm | 1 | |
53 total
» upgrades
| Web | 1 | |
| Creature Attack | 2 | |
| Unholy Strength | 0 | |
| Creature Carapace | 1 | |
| Reinforced Defenses | 1 | |
| Freezing Breath | 1 | |
6 total
» buildings
| Altar of Darkness | 1 | |
| Crypt | 5 | |
| Graveyard | 1 | |
| Ziggurat | 28 | |
| Tomb of Relics | 1 | |
| Nerubian Tower | 4 | |
| Spirit Tower | 22 | |
| Halls of the Dead | 1 | |
| Slaughterhouse | 2 | |
| Sacrificial Pit | 1 | |
| Black Citadel | 1 | |
| Tauren Totem | 1 | |
| Altar of Storms | 1 | |
| Spirit Lodge | 1 | |
| Great Hall | 1 | |
| Watch Tower | 8 | |
| Boneyard | 3 | |
82 total
» build order
00:10 Altar of Darkness
00:14 Crypt
00:29 Graveyard
01:00 Crypt
01:04 Ziggurat
01:24 Tomb of Relics
01:45 Ziggurat
01:59 Nerubian Tower
02:52 Spirit Tower
03:57 Crypt
06:45 Ziggurat
06:48 Ziggurat
06:50 Halls of the Dead
11:54 Ziggurat
12:37 Ziggurat
12:41 Crypt
13:21 Slaughterhouse
13:25 Slaughterhouse
13:31 Sacrificial Pit
15:20 Black Citadel
17:35 Ziggurat
17:36 Ziggurat
17:38 Ziggurat
17:39 Ziggurat
17:41 Ziggurat
18:32 Spirit Tower
18:37 Nerubian Tower
19:30 Nerubian Tower
20:19 Spirit Tower
20:28 Ziggurat
20:40 Ziggurat
21:21 Ziggurat
21:28 Ziggurat
21:31 Spirit Tower
21:32 Ziggurat
22:23 Spirit Tower
22:23 Spirit Tower
22:26 Crypt
22:47 Spirit Tower
25:13 Tauren Totem
26:02 Altar of Storms
26:18 Spirit Lodge
29:13 Great Hall
29:24 Ziggurat
29:28 Ziggurat
29:30 Ziggurat
29:31 Ziggurat
30:19 Spirit Tower
30:19 Spirit Tower
30:21 Spirit Tower
30:21 Spirit Tower
30:22 Spirit Tower
30:22 Spirit Tower
31:11 Ziggurat
31:13 Ziggurat
31:15 Ziggurat
31:16 Ziggurat
31:18 Spirit Tower
31:18 Spirit Tower
31:33 Watch Tower
31:34 Watch Tower
31:36 Watch Tower
31:37 Watch Tower
32:11 Spirit Tower
32:33 Ziggurat
33:30 Spirit Tower
33:31 Spirit Tower
33:32 Ziggurat
33:56 Boneyard
33:57 Boneyard
34:34 Spirit Tower
34:35 Spirit Tower
34:41 Ziggurat
35:00 Ziggurat
36:07 Watch Tower
36:12 Watch Tower
36:21 Watch Tower
36:25 Watch Tower
37:45 Boneyard
» items
| Rod of Necromancy | 2 | |
| Dust of Appearance | 3 | |
| Sacrificial Skull | 2 | |
| Healing Salve | 1 | |
| Orb of Corruption | 2 | |
10 total
Chat log
(05:30 / All) welcome2: : - )
(23:38 / All) welcome2: THATS TOO BAD